 Dungeon Crawl Stone Soup version 0.22-a0-407-gb098539 (webtiles) character file.

256670 dstrtnsr the Warrior (level 19, 0/187 HPs)
             Began as a Minotaur Berserker on May 9, 2018.
             Was the Champion of Trog.
             Slain by a hellion (4 damage)
             ... summoned by a deep elf demonologist
             ... on level 5 of the Vaults.
             The game lasted 00:33:44 (25160 turns).

dstrtnsr the Warrior (Minotaur Berserker)          Turns: 25160, Time: 00:33:45

Health: 0/187      AC: 32    Str: 33    XL:     19   Next: 8%
Magic:  18/18      EV: 20    Int:  4    God:    Trog [******]
Gold:   506        SH: 29    Dex: 12    Spells: 18/18 levels left

rFire    . . .     SeeInvis +   t - +2 war axe (vamp)
rCold    . . .     Gourm    .   o - +0 large shield
rNeg     . . .     Faith    .   N - +3 plate armour {rPois}
rPois    +         Spirit   .   Y - +1 hat
rElec    .         Reflect  +   R - +1 cloak {MR+}
rCorr    .         Harm     .   W - +2 pair of gloves {Dex+3}
MR       ++...                  y - +2 pair of boots
Stlth    ..........             p - +6 amulet of reflection
HPRegen  1.41/turn              b - ring of Xaxkofip {+Fly Str+2 SInv Stlth+}
MPRegen  0.16/turn              J - +5 ring of evasion

@: about to teleport, vulnerable, marked, berserk cooldown, regenerating,
slowed, very slow
A: retaliatory headbutt, horns 2
}: 2/15 runes: serpentine, barnacled
a: Berserk, Trog's Hand, Brothers in Arms, Renounce Religion, Evoke Flight


You were on level 5 of the Vaults.
You worshipped Trog.
Trog was exalted by your worship.
You were near starving.

You visited 5 branches of the dungeon, and saw 33 of its levels.
You visited 1 bazaar.

You collected 1697 gold pieces.
You spent 1191 gold pieces at shops.

Inventory:

Hand Weapons
 d - a +3 antimagic broad axe
 t - a +2 vampiric war axe (weapon)
 O - a +6 broad axe of flaming
Missiles
 H - 2 throwing nets (quivered)
Armour
 o - a +0 large shield (worn)
 y - a +2 pair of boots (worn)
 N - a +3 plate armour of poison resistance (worn)
 R - a +1 cloak of magic resistance (worn)
 W - a +2 pair of gloves of dexterity (worn)
 Y - a +1 hat (worn)
Jewellery
 b - the ring of Xaxkofip (left hand) {+Fly Str+2 SInv Stlth+}
   (You found it on level 4 of the Dungeon)

   [ring of strength]

   It affects your strength (+2).
   It lets you see invisible.
   It lets you fly.
   It makes you more stealthy.
 m - an uncursed ring of protection from magic
 p - a +6 amulet of reflection (around neck)
 s - an uncursed ring of fire
 J - a +5 ring of evasion (right hand)
Wands
 E - a wand of enslavement (13)
 I - a wand of iceblast (26)
 M - a wand of polymorph (16)
 P - a wand of paralysis (40)
 V - a wand of digging (10)
Scrolls
 a - 3 scrolls of silence
 f - 3 scrolls of fear
 i - 2 scrolls of remove curse {@r2}
 j - 2 scrolls of magic mapping
 k - 4 scrolls of blinking
 v - 3 scrolls of teleportation {!d}
 z - a scroll of torment
 B - a scroll of vulnerability {unknown}
 C - 3 scrolls of immolation
 D - 2 scrolls of summoning
 K - 3 scrolls of fog
 U - 2 scrolls of enchant weapon
Potions
 c - a potion of agility
 l - 5 potions of lignification
 n - 15 potions of curing {@q1}
 q - 6 potions of haste
 r - a potion of might
 u - 4 potions of heal wounds
 x - 2 potions of mutation
 A - 2 potions of flight
 F - 2 potions of resistance
 G - a potion of invisibility
 L - 5 potions of brilliance
 S - 2 potions of cancellation
 T - a potion of ambrosia
Miscellaneous
 g - a lamp of fire
Comestibles
 e - 19 rations {!d}


   Skills:
 + Level 20.5 Fighting
 - Level 18.0 Axes
 + Level 17.6 Armour
 + Level 16.4 Dodging
 + Level 16.4 Shields


You had 18 spell levels left.
You didn't know any spells.

Dungeon Overview and Level Annotations

Branches:
Dungeon (14/15)              Lair (6/6) D:10         Shoals (4/4) Lair:4
  Snake (4/4) Lair:4        Slime (0/5) Lair:6       Vaults (5/5) D:13
 Temple: D:4-7          Orc: D:9-12       Crypt: Vaults:2-3

Altars:
Elyvilon
Gozag
Ru
Sif Muna
Wu Jian
Xom
The Shining One
Jiyva

Shops:
D:14 *   Shoals:3 *   Snake:1 *:!?

Portals:
Trove: Vaults:1 (give 5 potions of resistance)

Annotations:
Lair:2 exclusion: oklob plant
Lair:6 exclusion: 4 oklob plants


Innate Abilities, Weirdness & Mutations

You reflexively headbutt those who attack you in melee.
You have a pair of horns on your head.


Message History

The tengu reaver claws you but does no damage.
The vault guard hits you but does no damage.
The lich barely misses you. The Executioner hits you!
The Executioner hits you but does no damage.
The Executioner closely misses you.
The phantasmal warrior barely misses you.
You furiously retaliate!
You headbutt the phantasmal warrior.
A deep troll comes into view.
Unknown command.
You closely miss the lich. You headbutt the lich!!
The lich is severely damaged.
You slash the phantasmal warrior!
You hit the Executioner but do no damage.
You slash the tengu reaver!
You feel better.
You kill the tengu reaver!
Trog accepts your kill.
Trog appreciates your killing of a magic user.
The harpy changes into a hornet!
The battlesphere dissipates.
You block the Executioner's attack. x3; The Executioner closely misses you.
The Executioner completely misses you.
The Executioner hits you but does no damage.
The orange demon stings you but does no damage.
The lich touches you but does no damage.
You block the Executioner's attack.
The Executioner hits you but does no damage. x2
The vault guard hits you but does no damage.
The wolf spider completely misses you. You furiously retaliate!
You headbutt the wolf spider. The wolf spider misses you.
The vault guard hits you but does no damage.
You block the phantasmal warrior's attack.
The orange demon stings you but does no damage.
Unknown command.
You hit the lich. You headbutt the lich!
The lich is almost destroyed.
You slash the wolf spider!
You feel better.
You hit the Executioner. You slash the phantasmal warrior!
You block the Executioner's attack.
The Executioner hits you but does no damage.
The Executioner hits you. The Executioner gestures at you.
You resist with almost no effort. The lich misses you. You furiously retaliate!
You headbutt the lich. You block the wolf spider's attack. x2
You block the Executioner's attack. x2; The Executioner barely misses you.
The red devil hits you but does no damage.
The lich touches you but does no damage.
You block the phantasmal warrior's attack.
The wolf spider misses you. You furiously retaliate!
You headbutt the wolf spider!!
The wolf spider bites you but does no damage.
The vault guard closely misses you. The orange demon barely misses you.
The vault guard misses you.
Unknown command.
As you read the scroll of teleportation {!d}, it crumbles to dust.
You feel strangely unstable. You block the Executioner's attack.
The Executioner hits you but does no damage.
You block the Executioner's attack. The Executioner hits you!
The Executioner hits you but does no damage.
The Executioner hits you. You block the Executioner's attack. x2
The Executioner hits you.
The lich touches you but does no damage.
The wolf spider closely misses you. You block the wolf spider's attack.
The Executioner barely misses you.
The Executioner hits you but does no damage.
The Executioner hits you. The red devil completely misses you.
The lich gestures at you while chanting.
The crystal spear hits you!
The deep elf demonologist mumbles some strange words.
The phantasmal warrior hits you but does no damage.
You block the orange demon's attack. The vault guard closely misses you.
The Executioner hits you but does no damage.
The Executioner barely misses you. x2; The wolf spider completely misses you.
The wolf spider bites you but does no damage.
The vault guard hits you but does no damage.
The red devil closely misses you.
Unknown command.
Unknown command.
You hit the lich but do no damage.
The lich is almost destroyed.
Your shield and plate armour prevent you from hitting the wolf spider.
You slash the hellion! You hit the Executioner.
You hit the phantasmal warrior but do no damage.
You block the Executioner's attack. x2
The Executioner hits you but does no damage. x2
The Executioner misses you. You block the Executioner's attack.
The lich gestures at you while chanting.
The crystal spear hits you! You block the wolf spider's attack.
The wolf spider completely misses you. The phantasmal warrior hits you!!
* * * LOW HITPOINT WARNING * * *
Your magical defenses are stripped away!
The Executioner closely misses you. You furiously retaliate!
You headbutt the Executioner.
The Executioner hits you but does no damage.
The Executioner closely misses you.
The orange demon stings you but does no damage.
The lich casts a spell at you. The crystal spear hits you!
* * * LOW HITPOINT WARNING * * *
The vault guard hits you from afar with a halberd.
* * * LOW HITPOINT WARNING * * *
The phantasmal warrior blinks!
The hellion hits you.
You die...

*********########****************
,,,,,,,,,........,,,,,,,,,,,,,,,,
,,,,,,,,,....c§c.,,,,,,,,,,,,,,,,
********,,,.ppce#***********#####
,,,,,,,,,,,,TDDp##*,...,,,,*.....
,,,,,,,,,*,,,h#sL##*...#*,,.#....
,,,,,,,,,*,,,,#W@.###...#*,..#...
,,****,,,*,,,,#21Wp#*#...#*...#..
***,,,,,,*,,,,#4#pp4#*#...##...#.
*,,,,,,,,*,,,,#e##WT.#*#...##...#
,,,,,,****,,,,#pp##..p#*#..)##...
,,,,,**,,*,,,,#c4.##...#*#†..##..
,,,,,*,,,*,,,,##...##...###.).##.
,,,,,*,,,*,,,,#.#...##.p(###).(##
,,,,,,,,,*,,,,#..#...##......(.(#


You could see 2 storm dragons, a vault warden, a lich, a yaktaur captain, 8
vault guards, an Executioner, a deep elf elementalist, a wolf spider, a deep
troll, a shadow wraith (invisible), a deep elf demonologist, an orange demon, 2
phantasmal warriors, 3 yaktaurs, a hellion and a red devil.

Vanquished Creatures
  Mara (Vaults:3)
  Nikola (Snake:2)
  A tentacled monstrosity (Vaults:5)
  A lich (Vaults:5)
  A quicksilver dragon (Vaults:5)
  A titan (Vaults:5)
  Gastronok (D:11)
  2 tengu reavers (Vaults:5)
  A shadow dragon (Vaults:5)
  Ilsuiw (Shoals:4)
  Kirke (Shoals:3)
  4 nagarajas
  A ghost moth (shapeshifter) (Vaults:4)
  6 vault wardens
  Louise (Shoals:2)
  2 frost giants
  5 ironheart preservers
  An entropy weaver (Vaults:3)
  A stone giant (Vaults:2)
  A deep elf annihilator (Vaults:3)
  A deep elf death mage (Vaults:1)
  3 ettins (Vaults:5)
  A merfolk impaler (Shoals:4)
  7 ogre magi
  A crystal guardian (Vaults:3)
  2 yaktaur captains
  Josephine (Lair:6)
  The ghost of Totori the Fighter, a journeyman DrMo of the Shining One (Lair:1)
  3 hydras
  2 catoblepae (Lair:6)
  23 vault guards
  A rakshasa (D:14)
  An ice dragon (Vaults:3)
  12 naga warriors
  2 centaur warriors
  An alligator snapping turtle (Shoals:4)
  2 dancing weapons (Vaults:5)
  6 anacondas
  A deep troll shaman (Lair:6)
  2 death knights (Vaults:4)
  19 two-headed ogres
  3 merfolk aquamancers
  10 death yaks (Lair:6)
  A satyr (Shoals:4)
  3 shock serpents
  An orc high priest (Vaults:1)
  23 naga sharpshooters
  A fire crab (shapeshifter) (Vaults:4)
  5 deep elf knights
  A skeletal warrior (Vaults:2)
  4 deep trolls (Vaults:5)
  7 sea snakes
  5 naga ritualists (Snake:4)
  An unseen horror (Vaults:1)
  2 phantasmal warriors (Vaults:5)
  2 deep elf archers
  2 wizards (Vaults:1)
  11 harpies
  8 orc knights
  A necromancer (Vaults:5)
  6 ironbrand convokers
  2 wolf spiders
  Pikel (D:8)
  5 ugly things (Vaults:1)
  4 mana vipers
  3 orc sorcerers
  3 cyclopes
  8 deep elf magi
  11 salamanders
  6 manticores
  11 elephants
  Joseph (D:8)
  10 fauns
  5 merfolk sirens
  19 naga magi
  10 vault sentinels
  9 black mambas
  2 water nymphs
  A gargoyle (D:14)
  A rime drake (shapeshifter) (Vaults:3)
  5 spiny frogs
  9 yaktaurs
  An efreet (D:14)
  4 komodo dragons
  4 freezing wraiths
  A troll (shapeshifter) (Vaults:3)
  8 polar bears
  3 trolls
  5 wind drakes
  12 merfolk
  2 hornets
  A sphinx simulacrum (Vaults:5)
  Prince Ribbit (D:8)
  5 slime creatures (Vaults:2)
  14 blink frogs
  15 dream sheep
  A hippogriff (shapeshifter) (Vaults:3)
  19 hippogriffs
  A human simulacrum (Vaults:5)
  3 snapping turtles
  A redback (Vaults:3)
  2 water elementals (Shoals:1)
  A tarantella (shapeshifter) (Vaults:5)
  A yak (shapeshifter) (Vaults:2)
  23 yaks
  Sigmund (D:5)
  4 wyverns
  6 wraiths
  A hog (Shoals:3)
  3 basilisks
  20 water moccasins
  34 nagas
  8 wargs
  An acid dragon (Vaults:2)
  3 porcupines
  An eye of draining (D:11)
  3 ice beasts
  32 orc warriors
  2 sky beasts
  2 slaves (D:8)
  3 phantoms
  10 black bears
  23 ogres
  6 wolves (Lair:6)
  7 centaurs
  11 crocodiles
  4 big kobolds
  12 bullfrogs
  4 scorpions
  A wyvern skeleton (D:13)
  An elf simulacrum (Vaults:5)
  5 killer bees (D:10)
  3 howler monkeys (D:11)
  3 wights (D:9)
  3 electric eels
  2 crimson imps
  2 quasits
  2 centaur zombies
  A hound (D:8)
  2 jellies
  15 orc priests
  A bullfrog zombie (D:10)
  6 centaur skeletons
  3 bullfrog skeletons
  An iguana (D:8)
  10 orc wizards
  5 worker ants
  7 gnolls
  2 worker ant zombies
  7 adders
  2 shadow imps (D:9)
  An ooze (D:6)
  An adder zombie (D:7)
  A worm (D:2)
  2 leopard geckos
  58 orcs
  4 bats (D:1)
  A giant cockroach (D:2)
  6 goblins
  4 hobgoblins
  7 jackals
  3 quokkas
  5 ball pythons
  A frilled lizard (D:2)
  25 kobolds
  5 rats
  A butterfly (Lair:3)
  3 fungi
  10 plants
900 creatures vanquished.

Vanquished Creatures (collateral kills)
  Saint Roka (Vaults:3)
  A vault warden (Vaults:5)
  A deep elf elementalist (Vaults:5)
  An ironheart preserver (Vaults:5)
  A deep elf annihilator (Vaults:5)
  An ettin (Vaults:5)
  3 merfolk javelineers (Shoals:4)
  A merfolk impaler (Shoals:4)
  2 vault guards (Vaults:5)
  A hydra (Lair:6)
  A deep troll shaman (Vaults:5)
  A merfolk siren (Shoals:4)
  2 elephants (Lair:6)
  A wind drake (Shoals:4)
  A water elemental (Shoals:4)
  An ogre (Vaults:5)
  An orc (Vaults:3)
21 creatures vanquished.

Vanquished Creatures (others)
  A stone giant (Vaults:3)
  A merfolk javelineer (Shoals:4)
  A satyr (Shoals:4)
  A manticore (Shoals:4)
  A faun (Shoals:4)
  2 yaktaurs (Vaults:3)
  A slave (D:8)
  2 centaurs
  A hound skeleton (D:8)
  An orc (D:11)
  A kobold (D:13)
  12 fungi
  25 plants
  5 tentacles (Shoals:1)
55 creatures vanquished.

Grand Total: 976 creatures vanquished

Notes
Turn   | Place    | Note
-------+----------+-------------------------------------------
     0 | D:1      | dstrtnsr the Minotaur Berserker began the quest for the Orb.
     0 | D:1      | Reached XP level 1. HP: 19/19 MP: 0/0
    57 | D:1      | Reached XP level 2. HP: 18/27 MP: 1/1
   185 | D:1      | Reached skill level 4 in Fighting
   565 | D:2      | Reached XP level 3. HP: 31/33 MP: 2/2
   625 | D:2      | Reached ** piety under Trog
   628 | D:2      | Noticed an ogre
   634 | D:2      | Killed an ogre
   634 | D:2      | Reached skill level 5 in Axes
   634 | D:2      | Reached XP level 4. HP: 20/41 MP: 3/3
   867 | D:2      | Found a white marble altar of Elyvilon.
   998 | D:4      | Reached XP level 5. HP: 28/47 MP: 4/4
  1001 | D:4      | HP: 26/70 [worker ant (3)]
  1002 | D:4      | Reached skill level 5 in Fighting
  1004 | D:4      | HP: 11/72 [orc/whip (8)]
  1362 | D:4      | Reached XP level 6. HP: 55/56 MP: 5/5
  1557 | D:4      | Reached *** piety under Trog
  1677 | D:4      | Reached skill level 6 in Fighting
  1834 | D:4      | Got a transparent lead ring
  1871 | D:4      | Identified the ring of Xaxkofip {+Fly Str+2 SInv Stlth+} (You found it on level 4 of the Dungeon)
  1878 | D:5      | Entered Level 5 of the Dungeon
  1894 | D:5      | Noticed Sigmund
  1904 | D:5      | Killed Sigmund
  1904 | D:5      | Reached XP level 7. HP: 64/64 MP: 6/6
  1944 | D:5      | HP: 23/64 [ice beast (11)]
  2300 | D:6      | Found a glowing golden altar of the Shining One.
  2501 | D:6      | Noticed a hippogriff
  2512 | D:6      | Killed a hippogriff
  2512 | D:6      | Reached skill level 7 in Fighting
  2579 | D:6      | Reached XP level 8. HP: 50/73 MP: 7/7
  2727 | D:6      | Reached skill level 10 in Axes
  3080 | D:7      | Noticed a hippogriff
  3084 | D:7      | Killed a hippogriff
  3084 | D:7      | Reached skill level 8 in Fighting
  3201 | D:7      | HP: 28/74 [ogre/giant club (17)]
  3568 | D:7      | Reached **** piety under Trog
  3721 | D:7      | Found an opulent altar of Gozag.
  3722 | D:7      | Noticed a hippogriff
  3729 | D:7      | Killed a hippogriff
  3729 | D:7      | Reached skill level 9 in Fighting
  3729 | D:7      | Reached XP level 9. HP: 60/83 MP: 8/8
  4255 | D:8      | Noticed Pikel
  4264 | D:8      | Killed Pikel
  4371 | D:8      | Noticed Joseph
  4384 | D:8      | HP: 50/127 [Joseph/uncursed enchanted quarterstaff (6)]
  4386 | D:8      | Killed Joseph
  4386 | D:8      | Reached skill level 10 in Fighting
  4397 | D:8      | HP: 32/85 [centaur/arrow (4)]
  4915 | D:8      | Found a sacrificial altar of Ru.
  5170 | D:8      | Found a shimmering altar of Xom.
  5172 | D:8      | Found a shimmering altar of Xom.
  5172 | D:8      | Found a shimmering altar of Xom.
  5188 | D:8      | Found an ornate altar of the Wu Jian Council.
  5242 | D:8      | Noticed Prince Ribbit
  5252 | D:8      | Killed Prince Ribbit
  5252 | D:8      | Reached XP level 10. HP: 85/94 MP: 9/9
  5605 | D:9      | Noticed a two-headed ogre
  5608 | D:9      | HP: 36/94 [ogre/giant club (12)]
  5613 | D:9      | HP: 21/141 [two-headed ogre/giant club (23)]
  5615 | D:9      | Killed a two-headed ogre
  6039 | D:9      | Found a deep blue altar of Sif Muna.
  6078 | D:9      | Reached skill level 11 in Fighting
  6397 | D:9      | Reached skill level 15 in Axes
  6844 | D:10     | Entered Level 10 of the Dungeon
  6890 | D:10     | Found a staircase to the Lair.
  7443 | D:10     | Noticed a two-headed ogre
  7453 | D:10     | Killed a two-headed ogre
  7453 | D:10     | Reached skill level 12 in Fighting
  7453 | D:10     | Reached XP level 11. HP: 104/104 MP: 10/10
  7632 | D:10     | Reached ***** piety under Trog
  7958 | Lair:1   | Entered Level 1 of the Lair of Beasts
  7958 | Lair:1   | Noticed Totori's ghost (journeyman DrMo)
  7981 | Lair:1   | Killed Totori's ghost
  7994 | D:10     | Reached skill level 13 in Fighting
  7994 | D:10     | Reached XP level 12. HP: 78/115 MP: 11/11
  8250 | Lair:1   | HP: 68/172 [blink frog (9)]
  8255 | Lair:1   | HP: 49/172 [poisoned by a water moccasin]
  8260 | Lair:1   | HP: 36/172 [poisoned by a water moccasin]
  8265 | Lair:1   | HP: 23/115 [poisoned by a water moccasin]
  8270 | Lair:1   | HP: 19/115 [poisoned by a water moccasin]
  8275 | Lair:1   | HP: 26/115 [poisoned by a water moccasin]
  9143 | Lair:2   | Noticed a six-headed hydra
  9151 | Lair:2   | Killed a ten-headed hydra
  9151 | Lair:2   | Reached skill level 5 in Armour
  9485 | Lair:2   | Reached skill level 5 in Dodging
 10028 | Lair:2   | Noticed a six-headed hydra
 10038 | Lair:2   | Killed an 11-headed hydra
 10880 | Lair:3   | Reached skill level 14 in Fighting
 11211 | Lair:3   | Reached skill level 1 in Shields
 11768 | Lair:4   | Reached XP level 13. HP: 104/124 MP: 12/12
 11843 | Lair:4   | Received a gift from Trog
 12304 | Lair:4   | Found a staircase to the Shoals.
 12386 | Lair:4   | Found a staircase to the Snake Pit.
 12933 | Shoals:1 | Entered Level 1 of the Shoals
 13918 | Lair:6   | Entered Level 6 of the Lair of Beasts
 14130 | Lair:6   | Reached skill level 5 in Shields
 14346 | Lair:6   | Reached skill level 15 in Fighting
 14478 | Lair:6   | Found a viscous altar of Jiyva.
 14479 | Lair:6   | Found a staircase to the Slime Pits.
 14490 | Lair:6   | Noticed Josephine
 14505 | Lair:6   | Killed Josephine
 14514 | Lair:6   | Received a gift from Trog
 14546 | Lair:6   | Reached skill level 10 in Armour
 14668 | Lair:6   | Reached XP level 14. HP: 135/135 MP: 13/13
 15151 | Snake:1  | Entered Level 1 of the Snake Pit
 15173 | Snake:1  | Reached skill level 10 in Dodging
 15354 | Snake:1  | HP: 54/136 [mana viper (10)]
 15508 | Snake:1  | HP: 81/204 [naga sharpshooter/bolt (17)]
 15511 | Snake:1  | Reached skill level 16 in Fighting
 15518 | Snake:1  | HP: 35/137 [poisoned by a naga sharpshooter (splash of poison)]
 15868 | Snake:1  | Found Cusohila's Distillery.
 15879 | Snake:1  | Received a gift from Trog
 15995 | Snake:1  | Found Coit's Magic Scroll Boutique.
 15995 | Snake:1  | Found Wydghi's Assorted Antiques.
 16000 | Snake:1  | Bought a potion of heal wounds for 95 gold pieces
 16000 | Snake:1  | Bought a potion of cancellation for 152 gold pieces
 16000 | Snake:1  | Bought a potion of ambrosia for 152 gold pieces
 16000 | Snake:1  | Bought a potion of curing for 57 gold pieces
 16000 | Snake:1  | Bought a potion of curing for 57 gold pieces
 16000 | Snake:1  | Bought 2 potions of haste for 380 gold pieces
 16000 | Snake:1  | Bought a potion of curing for 57 gold pieces
 16000 | Snake:1  | Found Taginot's Book Shop.
 16446 | Snake:2  | Noticed a nagaraja
 16459 | Snake:2  | Killed a nagaraja
 16576 | Snake:2  | Noticed Nikola
 16588 | Snake:2  | Killed Nikola
 16588 | Snake:2  | Reached skill level 10 in Shields
 16588 | Snake:2  | Reached XP level 15. HP: 145/145 MP: 14/14
 17025 | Snake:4  | Entered Level 4 of the Snake Pit
 17470 | Snake:4  | Received a gift from Trog
 17504 | Snake:4  | Noticed a nagaraja
 17527 | Snake:4  | Killed a nagaraja
 17537 | Snake:4  | Reached skill level 17 in Fighting
 17893 | Snake:4  | Noticed a nagaraja
 17906 | Snake:4  | Killed a nagaraja
 18018 | Snake:4  | Noticed a nagaraja
 18041 | Snake:4  | Killed a nagaraja
 18080 | Snake:4  | Reached XP level 16. HP: 155/155 MP: 15/15
 18090 | Snake:4  | Got a serpentine rune of Zot
 18289 | Shoals:1 | Received a gift from Trog
 18303 | Shoals:1 | Reached ****** piety under Trog
 18458 | Shoals:1 | Noticed a kraken
 18623 | Shoals:2 | Noticed Louise
 18665 | Shoals:2 | Killed Louise
 18768 | Shoals:4 | Entered Level 4 of the Shoals
 18792 | Shoals:3 | Found Xuacrius's Assorted Antiques.
 18824 | Shoals:3 | Bought a scroll of blinking for 157 gold pieces
 18870 | Shoals:4 | Noticed Ilsuiw
 18905 | Shoals:4 | Killed Ilsuiw
 19070 | Shoals:4 | Reached skill level 18 in Fighting
 19230 | Shoals:4 | Received a gift from Trog
 19429 | Shoals:4 | Got a barnacled rune of Zot
 19488 | Shoals:3 | Noticed Kirke
 19507 | Shoals:3 | Killed Kirke
 19733 | D:11     | Noticed Gastronok
 19740 | D:11     | Killed Gastronok
 20573 | D:14     | Found Oxem's Assorted Antiques.
 20890 | D:14     | Bought a scroll of fog for 56 gold pieces
 20890 | D:14     | Bought a scroll labeled ERUROWK KAOCEPN for 28 gold pieces
 21231 | D:13     | Found a gate to the Vaults.
 21245 | D:13     | Reached skill level 15 in Armour
 21252 | D:13     | Received a gift from Trog
 21256 | D:13     | Reached XP level 17. HP: 166/166 MP: 16/16
 21268 | Vaults:1 | Entered Level 1 of the Vaults
 22236 | Vaults:1 | Found a portal to a secret trove of treasure.
 22598 | Vaults:2 | Reached skill level 19 in Fighting
 22697 | Vaults:2 | Received a gift from Trog
 22724 | Vaults:2 | Found a flickering gateway to a bazaar.
 22740 | Bazaar   | Entered a bazaar
 22740 | Bazaar   | Found Hasag's Jewellery Boutique.
 22740 | Bazaar   | Found Qisuogh's Book Boutique.
 22889 | Bazaar   | Found Giaco's Armour Shop.
 23377 | Vaults:3 | Reached skill level 15 in Dodging
 23646 | Vaults:3 | Noticed Mara
 23660 | Vaults:3 | Killed Mara
 23702 | Vaults:3 | Noticed Saint Roka
 23710 | Vaults:3 | Reached skill level 15 in Shields
 23719 | Vaults:3 | Killed Saint Roka
 23759 | Vaults:3 | Reached XP level 18. HP: 172/176 MP: 17/17
 24179 | Vaults:4 | Received a gift from Trog
 24616 | Vaults:5 | Entered Level 5 of the Vaults
 24629 | Vaults:5 | Received a gift from Trog
 24629 | Vaults:5 | Reached skill level 20 in Fighting
 24631 | Vaults:5 | Noticed a lich
 24654 | Vaults:5 | Killed a lich
 24801 | Vaults:5 | HP: 60/178 [deep elf annihilator/bolt of lightning (51)]
 24807 | Vaults:5 | HP: 51/178 [deep elf annihilator/bolt of lightning (15)]
 25113 | Vaults:5 | Noticed a tentacled monstrosity
 25126 | Vaults:5 | Killed a tentacled monstrosity
 25126 | Vaults:5 | Reached XP level 19. HP: 187/187 MP: 18/18
 25131 | Vaults:5 | Received a gift from Trog
 25150 | Vaults:5 | Noticed a lich
 25160 | Vaults:5 | HP: 65/187 [lich/crystal spear (45)]
 25160 | Vaults:5 | HP: 10/187 [lich/crystal spear (37)]
 25160 | Vaults:5 | HP: 4/187 [vault guard/halberd (6)]
 25160 | Vaults:5 | Slain by a hellion

Vault maps used:
D:1:      minmay_arrival_four_loops, skrybe_limestone_x
D:2:      nicolae_overflow_crystal_walls, first_ration, minmay_lizard_king,
          uniq_natasha
D:5:      serial_shops, shop, uniq_sigmund
D:6:      minmay_temple_entry_enclosed_plants, tso_metal_star
D:7:      lemuel_round_altar, grunt_decor_one_mirror
D:8:      kennysheep_mini, nicolae_ru_path_of_blood, xom_redecorated,
          uniq_joseph, uniq_prince_ribbit1, uniq_pikel
D:9:      led_sif_pool, nicolae_overflow_hidden_temple
D:10:     erik_lair_orcish_takeover
D:11:     grunt_tengu_nest, uniq_gastronok
D:12:     erik_orc_1, serial_glass, glass_columns_c, glass_columns_a
D:13:     erik_vaults_2
D:14:     serial_shops, nicolae_shop_waterfront, hangedman_decor_opposing
Lair:1:   infiniplex_staircase_pool
Lair:2:   beast_lair_carwin_large_3, st_stairs_3, grunt_megastairs_5,
          minmay_lair_oklob_chamber
Lair:3:   kennysheep_catoblepas_arena, infiniplex_staircase_pool_2,
          lemuel_fruit_fields, lemuel_fruit_tree
Lair:4:   elwin_shoals_entry_rocks, minmay_snake_entry_six_corridors,
          lab_entry_generic
Lair:6:   grunt_lair_end_beastmaster, slime_altar_1, minmay_lair_oklob_bushes,
          dpeg_oklob_1, uniq_josephine
Shoals:2: serial_shops, shop, nicolae_shoals_arrival_archipelago, uniq_louise
Shoals:3: serial_shops, shop, nicolae_shop_waterfront, shop, shop_statue, shop,
          uniq_polyphemus, uniq_kirke
Shoals:4: shoals_end_grunt_garden, shoals_ilsuiw_ice
Snake:1:  basic_loot_grate_trap, nicolae_snake_round_shape_thing,
          minmay_shoptagon
Snake:2:  nicolae_snake_linked_coils, uniq_nikola
Snake:3:  cheibrodos_snake_lava_hold, grunt_ministairs_10, guppyfry_library_mini
Snake:4:  snake_pit
Vaults:1: v_misc_14, vaults_dpeg_doors, nicolae_vaults_back_hallway,
          ontoclasm_vaults_claustrophobia, nicolae_vaults_big_angled_halls,
          ontoclasm_vaults_spin, v_misc_12, grunt_vaults_hallway_short,
          special_room_vaults, vaults_room_fours, vaults_room_door_hall,
          enter_trove_5
Vaults:2: v_misc_10, v_misc_25, vaults_room_pool, v_misc_11, v_misc_11,
          nicolae_vaults_asterisk, v_alt_pattern_4, stair_cage_open,
          minmay_crypt_entry_skeletal_spiral, dpeg_vaults_monster_box,
          serial_shops, bzr_entry_islet
Vaults:3: v_rooms_6, vaults_mumra_chevron, ontoclasm_vaults_ring_square,
          grunt_vaults_hallway_short, ontoclasm_vaults_hangar, uniq_mara,
          uniq_saint_roka
Vaults:4: ontoclasm_vaults_loading_screen, v_misc_32, ontoclasm_vaults_shuriken,
          vaults_standard_mumra_x, st_cross, hangedman_vaults_stitches,
          ontoclasm_vaults_loading_screen, vaults_room_pool,
          nicolae_vaults_ninety_degrees, hangedman_vaults_corner_blocks,
          nicolae_vaults_triangles, v_pattern_3, ontoclasm_vaults_gateway
Vaults:5: serial_shops
Bazaar:   bazaar_jpeg_ribbon

Skill      XL: |  1  2  3  4  5  6  7  8  9 10 11 12 13 14 15 16 17 18 |
---------------+-------------------------------------------------------+-----
Axes           | 4 5 6 7 8 9 11 13 15 17 18 | 18.0
Fighting       | 4 5 6 7 9 10 12 13 14 15 16 17 18 19 20 | 20.5
Armour         | 7 10 12 13 15 16 17 | 17.6
Dodging        | 6 9 11 12 14 15 16 | 16.4
Shields        | 2 7 10 12 13 15 16 | 16.4

Action                   |  1- 3 |  4- 6 |  7- 9 | 10-12 | 13-15 | 16-18 | 19-21 || total
-------------------------+-------+-------+-------+-------+-------+-------+-------++-------
Melee: Hand axe          |    36 |    23 |       |       |       |       |       ||    59
       Headbutt          |    12 |    16 |    37 |    79 |   237 |   457 |    11 ||   849
       War axe           |       |    53 |   155 |   337 |   701 |  1483 |    28 ||  2757
       Broad axe         |       |       |       |       |   100 |       |       ||   100
       Battleaxe         |       |       |       |       |    42 |       |       ||    42
Invok: Berserk           |       |     3 |     7 |    11 |    17 |    16 |       ||    54
       Trog's Hand       |       |       |       |     1 |     4 |     5 |     1 ||    11
       Brothers in Arms  |       |       |       |       |     1 |     9 |       ||    10
Evoke: Wand              |       |       |       |       |     2 |       |       ||     2
       Lamp of fire      |       |       |       |       |       |     1 |       ||     1
  Use: Scroll            |       |     3 |     4 |     7 |    16 |    12 |     2 ||    44
       Potion            |       |       |       |     1 |     1 |     5 |       ||     7
 Stab: Petrified         |       |       |       |       |    10 |       |       ||    10
  Eat: Chunk             |       |     5 |    11 |    13 |    23 |    24 |       ||    76
       Ration            |       |       |     2 |     6 |     5 |     7 |       ||    20
Armor: Animal skin       |     4 |     1 |       |       |       |       |       ||     5
       Chain mail        |       |    21 |    72 |   143 |    65 |       |       ||   301
       Skin              |       |       |     9 |       |       |       |       ||     9
       Plate armour      |       |       |       |       |   303 |   236 |    56 ||   595
Dodge: Dodged            |    21 |    50 |    69 |   224 |   371 |   319 |    51 ||  1105
Block: Buckler           |       |       |       |     8 |    34 |       |       ||    42
       Shield            |       |       |       |       |   297 |    83 |       ||   380
       Large shield      |       |       |       |       |       |  1300 |    63 ||  1363
       Reflection        |       |       |       |       |       |   102 |       ||   102

Table legend:
 A = Spawn XP
 B = Non-spawn XP
 C = Spawn XP percentage of total XP
 D = Spawn monster count
 E = Non-spawn monster count
 F = Spawn count percentage of total count
 G = Total turns spent on level
                    A         B        C        D         E        F      G
               +---------+---------+-------+---------+---------+-------+---------
         Total |       0 |  372534 |   0.0 |       0 |     916 |   0.0 | 25160
               +---------+---------+-------+---------+---------+-------+---------
           D:1 |       0 |      40 |   0.0 |       0 |      17 |   0.0 |   560
           D:2 |       0 |     134 |   0.0 |       0 |       9 |   0.0 |   334
           D:3 |       0 |      19 |   0.0 |       0 |       4 |   0.0 |    86
           D:4 |       0 |     464 |   0.0 |       0 |      37 |   0.0 |   898
           D:5 |       0 |     334 |   0.0 |       0 |       2 |   0.0 |   403
           D:6 |       0 |     575 |   0.0 |       0 |      15 |   0.0 |   627
           D:7 |       0 |    1419 |   0.0 |       0 |      14 |   0.0 |  1272
           D:8 |       0 |    2757 |   0.0 |       0 |      20 |   0.0 |  1289
           D:9 |       0 |    2996 |   0.0 |       0 |      28 |   0.0 |  1375
          D:10 |       0 |    2724 |   0.0 |       0 |      32 |   0.0 |  1142
          D:11 |       0 |    5956 |   0.0 |       0 |      29 |   0.0 |   390
          D:12 |       0 |      46 |   0.0 |       0 |       3 |   0.0 |    61
          D:13 |       0 |    9159 |   0.0 |       0 |      23 |   0.0 |   486
          D:14 |       0 |    5251 |   0.0 |       0 |      26 |   0.0 |   717
        Lair:1 |       0 |    5771 |   0.0 |       0 |      23 |   0.0 |  1206
        Lair:2 |       0 |    5233 |   0.0 |       0 |      20 |   0.0 |  1669
        Lair:3 |       0 |    3335 |   0.0 |       0 |      16 |   0.0 |   961
        Lair:4 |       0 |    5263 |   0.0 |       0 |      32 |   0.0 |  1275
        Lair:5 |       0 |    4284 |   0.0 |       0 |      15 |   0.0 |   983
        Lair:6 |       0 |   27462 |   0.0 |       0 |      68 |   0.0 |  1200
      Shoals:1 |       0 |    5885 |   0.0 |       0 |      14 |   0.0 |   388
      Shoals:2 |       0 |    7006 |   0.0 |       0 |      11 |   0.0 |   152
      Shoals:3 |       0 |    4745 |   0.0 |       0 |       8 |   0.0 |   204
      Shoals:4 |       0 |   26050 |   0.0 |       0 |      48 |   0.0 |   593
       Snake:1 |       0 |   17463 |   0.0 |       0 |      31 |   0.0 |  1168
       Snake:2 |       0 |   11930 |   0.0 |       0 |      13 |   0.0 |   557
       Snake:3 |       0 |    7095 |   0.0 |       0 |      14 |   0.0 |   426
       Snake:4 |       0 |   42794 |   0.0 |       0 |      72 |   0.0 |   933
      Vaults:1 |       0 |   26039 |   0.0 |       0 |      60 |   0.0 |  1082
      Vaults:2 |       0 |   10939 |   0.0 |       0 |      28 |   0.0 |   398
      Vaults:3 |       0 |   43881 |   0.0 |       0 |      68 |   0.0 |  1152
      Vaults:4 |       0 |   29812 |   0.0 |       0 |      52 |   0.0 |   460
      Vaults:5 |       0 |   55673 |   0.0 |       0 |      64 |   0.0 |   544
               +---------+---------+-------+---------+---------+-------+---------
